 Dungeon Crawl Stone Soup version 0.29-a0-565-g7a16c6de65 (webtiles) character file.

Game seed: 14136295741205766094

5841 Bruhh the Grappler (level 10, 0/110 HPs)
             Began as a Troll Gladiator on June 12, 2022.
             Slain by an unseen horror simulacrum (9 damage)
             ... on level 9 of the Dungeon.
             The game lasted 00:09:11 (7638 turns).

Bruhh the Grappler (Troll Gladiator)                Turns: 7638, Time: 00:09:12

Health: 0/110      AC:  7    Str: 28      XL:     10   Next: 51%
Magic:  9/9        EV: 10    Int:  4      God:
Gold:   379        SH:  0    Dex: 16 (17) Spells: 9/9 levels left

rFire   . . .      SeeInvis .     - Unarmed
rCold   . . .      Faith    .   s - orb {light}
rNeg    . . .      Spirit   .   D - +0 steam dragon scales
rPois   .          Reflect  .   b - +0 hat
rElec   .          Harm     .   (no cloak)
rCorr   .          Rampage  .   (gloves unavailable)
Will    +....                   (boots unavailable)
Stlth   +.........              (no amulet)
HPRegen 1.08/turn               v - +6 ring of dexterity
MPRegen 0.11/turn               u - ring of willpower

@: glowing
A: large, unfitting armour, claws 3, regeneration 1, shaggy fur 1, tough skin 1,
deterioration 1, MP-powered wands
a: no special abilities


You were on level 9 of the Dungeon.
You visited 2 branches of the dungeon, and saw 10 of its levels.
You also visited: Bailey.

You collected 379 gold pieces.

Inventory:

Missiles
 c - 2 throwing nets (quivered)
 d - a large rock
Armour
 a - a +1 robe
 b - a +0 hat (worn)
 s - an orb of light (worn)
 D - +0 steam dragon scales (worn)
Jewellery
 t - a ring of ice
 u - a ring of willpower (right claw)
 v - a +6 ring of dexterity (left claw)
Wands
 w - a wand of iceblast (9)
Scrolls
 e - 11 scrolls of fog
 g - a scroll of magic mapping
 h - 5 scrolls of teleportation
 i - 2 scrolls of fear
 j - a scroll of torment
 l - a scroll of enchant armour
 q - a scroll of vulnerability
 y - 3 scrolls of identify
 B - a scroll of enchant weapon
Potions
 f - a potion of brilliance {unknown}
 k - 3 potions of degeneration
 m - 2 potions of curing
 n - a potion of attraction {unknown}
 o - 2 potions of flight
 p - 2 potions of haste {unknown}
 r - 2 potions of invisibility {unknown}
 x - a potion of magic {unknown}
 z - 2 potions of mutation
 A - 3 potions of heal wounds
 C - a potion of lignification {unknown}


   Skills:
 * Level 9.8 Fighting
 + Level 2.1 Throwing
 - Level 2.4 Dodging
 + Level 11.3 Unarmed Combat


You had 9 spell levels left.
You didn't know any spells.
Your spell library contained the following spells:

 Spells                   Type           Power      Damage    Failure   Level
 Blink                    Tloc           0%         N/A       65%         2
 Inner Flame              Hex/Fire       0%         N/A       86%         3
 Lesser Beckoning         Tloc           0%         N/A       86%         3
 Cause Fear               Hex            0%         N/A       99%         4
 Manifold Assault         Tloc           0%         N/A       100%        5
 Discord                  Hex            0%         N/A       100%        8


Dungeon Overview and Level Annotations

Branches:
Dungeon (9/15)             Temple (1/1) D:7          Bailey (visited)
   Lair: D:8-11         Orc: D:9-12

Altars:
Ashenzari
Cheibriados
Dithmenos
Elyvilon
Gozag
Okawaru
Qazlal
Sif Muna
Trog
Wu Jian
Xom
Yredelemnul
Zin
The Shining One

Shops:
D:4 (

Annotations:
D:9 Gastronok


Innate Abilities, Weirdness & Mutations

You are too large for most types of armour.
You have claws for hands.
Your natural rate of healing is unusually fast.
You are covered in fur. (AC +1)
You have tough skin. (AC +1)
Your body sometimes deteriorates upon taking damage.
You expend magic power (3 MP) to strengthen your wands.


Message History

You see here a box of beasts.
Found a stone staircase leading up.
There is a stone staircase leading up here.
A troll comes into view.
The troll shouts!
A white imp comes into view.
An ice beast comes into view.
The white imp shouts, "Return whence thou came, thou rough-hewn boil-brained tinkerer!"
An unseen horror simulacrum comes into view.
The white imp gestures at you. The puff of frost hits you! The troll bites you!
Your body deteriorates!
You feel clumsy. The troll claws you. The troll claws you!
You claw the troll!
The troll is moderately wounded.
The unseen horror simulacrum hits you but does no damage.
You mangle the troll!!
The troll is almost dead.
The unseen horror simulacrum hits you but does no damage.
The troll bites you but does no damage. The troll claws you!
The troll claws you.
The unseen horror simulacrum hits you but does no damage.
You scratch the troll but do no damage.
The troll is almost dead.
The unseen horror simulacrum hits you.
The unseen horror simulacrum freezes you!
A polar bear comes into view.
The troll bites you! The troll claws you. The troll claws you!
The unseen horror simulacrum hits you.
The unseen horror simulacrum freezes you!
* * * LOW HITPOINT WARNING * * *
The troll attacks as you move away! The troll bites you!
* * * LOW HITPOINT WARNING * * *
The troll claws you!
* * * LOW HITPOINT WARNING * * *
The troll barely misses you.
The unseen horror simulacrum attacks as you move away!
The unseen horror simulacrum hits you.
* * * LOW HITPOINT WARNING * * *
The unseen horror simulacrum freezes you!
You die...

# .........h....# #
...............# #
...............# #
...............# #
..............# #
........5.....# #
#...ZTY....# #
#..@......##########
#.........#......... #
##.#########.........
..#.#...........}........
............###...........
............# #...........
............# #...........
...........<###...........
..........................


You could see a polar bear (wandering), a troll, an ice beast, a white imp and
an unseen horror simulacrum.

Vanquished Creatures
  An orc knight (Bailey)
  Maggie (D:8)
  A hornet (D:8)
  Sigmund (D:2)
  A wyvern (D:8)
  5 yaks (D:8)
  A steam dragon (D:9)
  Edmund (D:4)
  A water moccasin (D:6)
  5 orc warriors
  A black bear (D:6)
  3 ogres
  5 ice beasts
  A centaur (D:6)
  3 phantoms
  A kobold brigand (D:8)
  A gnoll sergeant (D:6)
  2 bullfrogs
  2 scorpions
  A necrophage (D:4)
  10 killer bees (D:8)
  4 hounds
  5 orc priests
  A gnoll shaman (D:7)
  2 iguanas
  10 orc wizards
  Robin (D:2)
  25 gnolls
  2 adders
  A shadow imp (D:5)
  A white imp (D:7)
  A worm (D:2)
  A dart slug (D:4)
  41 orcs
  4 bats
  8 endoplasms
  3 giant cockroaches
  28 goblins
  10 hobgoblins
  4 jackals
  A quokka (D:3)
  3 ball pythons
  3 frilled lizards
  7 kobolds
  A rat (D:2)
215 creatures vanquished.

Notes
Turn   | Place    | Note
-------+----------+-------------------------------------------
     0 | D:1      | Bruhh the Troll Gladiator began the quest for the Orb.
     0 | D:1      | Reached XP level 1. HP: 19/19 MP: 0/0
    16 | D:1      | Found a faded altar of an unknown god.
   431 | D:1      | Reached XP level 2. HP: 27/27 MP: 1/1
   907 | D:2      | Reached skill level 4 in Unarmed Combat
  1110 | D:2      | Reached XP level 3. HP: 32/33 MP: 2/2
  1215 | D:2      | Noticed Robin
  1406 | D:2      | Noticed Sigmund
  1595 | D:2      | Killed Sigmund
  1596 | D:2      | Reached skill level 6 in Unarmed Combat
  1596 | D:2      | Reached XP level 4. HP: 41/41 MP: 3/3
  1596 | D:2      | Reached XP level 5. HP: 48/48 MP: 4/4
  1665 | D:2      | Killed Robin
  1873 | D:3      | Reached XP level 6. HP: 14/55 MP: 5/5
  1954 | D:3      | Found a shadowy altar of Dithmenos.
  2062 | D:3      | Found a shimmering altar of Xom.
  2622 | D:4      | Reached skill level 7 in Unarmed Combat
  2630 | D:4      | Found Mesiffoe's Antique Weapon Shop.
  2673 | D:4      | Found a bloodstained altar of Trog.
  3055 | D:4      | Noticed Edmund
  3069 | D:4      | Killed Edmund
  3070 | D:4      | Reached skill level 8 in Unarmed Combat
  3070 | D:4      | Reached XP level 7. HP: 41/55 MP: 6/6
  3320 | D:5      | Entered Level 5 of the Dungeon
  3384 | D:5      | Reached skill level 9 in Unarmed Combat
  3453 | D:5      | Reached XP level 8. HP: 64/70 MP: 7/7
  3495 | D:5      | Reached skill level 10 in Unarmed Combat
  4073 | D:6      | Reached skill level 5 in Fighting
  4177 | D:6      | Found an iron altar of Okawaru.
  4926 | D:7      | Reached XP level 9. HP: 69/89 MP: 8/8
  4955 | D:7      | Found a flagged portal.
  4986 | Bailey   | Entered a bailey
  5129 | Bailey   | Noticed an orc warlord
  5166 | Bailey   | Noticed an orc knight
  5174 | Bailey   | Gained mutation: Your body sometimes deteriorates upon
                  | taking damage. [potion of mutation]
  5174 | Bailey   | Gained mutation: You expend magic power (3 MP) to
                  | strengthen your wands. [potion of mutation]
  5193 | Bailey   | Killed an orc knight
  5537 | D:7      | Found a staircase to the Ecumenical Temple.
  5557 | Temple   | Entered the Ecumenical Temple
  6078 | D:8      | Found a broken altar of Ashenzari.
  6136 | D:8      | Reached XP level 10. HP: 94/107 MP: 9/9
  6447 | D:8      | Reached skill level 11 in Unarmed Combat
  6708 | D:8      | Noticed Maggie
  6718 | D:8      | Killed Maggie
  7417 | D:9      | Noticed Gastronok
  7638 | D:9      | Slain by an unseen horror simulacrum

Illustrated notes

Levels and vault maps discovered:
D:1:      dpeg_arrival_orchard, layout_basic,
          dreamdust_ecumenical_altar_angels_and_demons
D:2:      layout_basic, uniq_robin, uniq_sigmund
D:3:      layout_rooms, mainiacjoe_overflow_paths, lemuel_crystal_altar,
          serial_bayou_crossing
D:4:      layout_cave_pods, nicolae_overflow_crystal_walls, serial_shops,
          shop_fountains, uniq_edmund
D:5:      layout_basic
D:6:      layout_basic, general_overflow_altar
D:7:      layout_cave_pools, minmay_temple_entry_proselytizer, enter_bailey_3
D:8:      layout_basic, cheibrodos_ashenzari_chains, uniq_maggie
D:9:      gammafunk_beogh_shrine, layout_stronghold, overflow_temple_1_default,
          serial_ice, serial_ice_g, serial_ice_c, serial_ice_d, serial_ice_m,
          serial_ice_b, uniq_gastronok
Temple:   chequers_temple_sunken

Skill      XL: |  1  2  3  4  5  6  7  8  9 10 |
---------------+-------------------------------+-----
Unarmed Combat | 4 6 8 9 10 11 | 11.3
Fighting       | 6 9 |  9.8
Throwing       | 2 |  2.1
Dodging        | |  2.4

Action                   |  1- 3 |  4- 6 |  7- 9 | 10-12 || total
-------------------------+-------+-------+-------+-------++-------
Melee: Unarmed           |    66 |    98 |   247 |    98 ||   509
       Punch             |     2 |       |       |       ||     2
Throw: Throwing net      |       |       |     1 |       ||     1
  Use: Scroll            |     7 |       |    11 |       ||    18
       Potion            |     1 |     4 |     5 |       ||    10
 Stab: Sleeping          |     1 |     1 |       |       ||     2
       Held in net/web   |       |       |     4 |       ||     4
Armor: Robe              |    28 |    35 |    40 |    16 ||   119
       Steam dragon scal |       |       |       |     7 ||     7
Dodge: Dodged            |    35 |    42 |    96 |    48 ||   221

Table legend: (Time is in decaauts)
 A = Elapsed time spent in this place.
 B = Non-inter-level travel time spent in this place.
 C = Inter-level travel time spent in this place.
 D = Time resting spent in this place.
 E = Time spent auto-exploring this place.
 F = Levels seen in this place.
 G = Mean time per level.
                   A        B        C        D        E       F      G
               +--------+--------+--------+--------+--------+-----+--------+
         Total |   7620 |   7278 |    342 |    258 |   5655 |  11 |  692.7 |
       Dungeon |   7148 |   6829 |    319 |    258 |   5376 |   9 |  794.2 |
        Temple |    254 |    232 |     22 |      0 |    224 |   1 |  254.0 |
        Bailey |    217 |    217 |      0 |      0 |     55 |   1 |  217.0 |
               +--------+--------+--------+--------+--------+-----+--------+

Top non-repeatable levels by time:
     D:8: 1304 daAuts
     D:6: 1072 daAuts
     D:1: 1001 daAuts
     D:4: 873 daAuts
     D:2: 802 daAuts
     D:7: 678 daAuts
     D:3: 631 daAuts
     D:5: 492 daAuts
     D:9: 292 daAuts
  Temple: 254 daAuts
  Bailey: 217 daAuts
